 Dungeon Crawl Stone Soup version 0.27.1-34-g3ba077fa99 (webtiles) character file.

Game seed: 12800251963430644426

28190 mcbry74 the Grappler (level 13, 0/114 HPs)
             Began as a Troll Monk on Jan 27, 2022.
             Was the Champion of Okawaru.
             Slain by a seven-headed hydra (12 damage)
             ... on level 2 of the Lair of Beasts.
             The game lasted 01:28:29 (12091 turns).

mcbry74 the Grappler (Troll Monk)                  Turns: 12091, Time: 01:28:32

Health: 0/114      AC: 11    Str: 31    XL:     13   Next: 8%
Magic:  16/16      EV: 12    Int: 19    God:    Okawaru [******]
Gold:   661        SH: 22    Dex: 12    Spells: 8/12 levels left

rFire    + . .     SeeInvis +   I - +2 flail "Toawa" {speed, *Corrode Will- Str+8 Int+7}
rCold    . . .     Faith    +   Y - +3 tower shield {rPois}
rNeg     + . .     Spirit   .   X - +0 troll leather armour
rPois    +         Reflect  .   (helmet restricted)
rElec    .         Harm     .   j - +2 cloak {rCorr}
rCorr    +         Rampage  .   (gloves unavailable)
Will     .....                  (boots unavailable)
Stlth    +++.......             B - amulet of faith
HPRegen  2.29/turn              e - ring of see invisible
MPRegen  0.15/turn              z - ring "Lelo" {Wiz rF+ rN+ Int+3}

@: heroic, very slightly contaminated, invisible
A: large, unfitting armour, claws 3, regeneration 1, shaggy fur 1, tough skin 1
a: Renounce Religion, Heroism, Finesse


You were on level 2 of the Lair of Beasts.
You worshipped Okawaru.
Okawaru was exalted by your worship.
You visited 2 branches of the dungeon, and saw 14 of its levels.

You collected 2103 gold pieces.
You spent 1442 gold pieces at shops.

Inventory:

Hand Weapons
 I - the +2 flail "Toawa" (weapon) {speed, *Corrode Will- Str+8 Int+7}
   (You bought it in a shop on level 7 of the Dungeon)

   Attacks with this weapon are significantly faster.
   Str:       It affects your strength (+8).
   Int:       It affects your intelligence (+7).
   *Corrode:  It may corrode you when you take damage.
   Will:      It decreases your willpower.
 O - a +1 flail of holy wrath
Missiles
 d - a curare-tipped dart (quivered)
 t - 37 poisoned darts
 x - 11 large rocks
 H - 8 datura-tipped darts
 J - 6 javelins
 Q - 2 atropa-tipped darts
 V - a boomerang
Armour
 j - a +2 cloak of preservation (worn)
 m - the +1 gold dragon scales of the Dropbear {rPois rF+ rC+ Int+3}
   (Okawaru gifted it to you on level 2 of the Lair of Beasts)

   Int:       It affects your intelligence (+3).
   rF:        It protects you from fire.
   rC:        It protects you from cold.
   rPois:     It protects you from poison.
 S - +0 acid dragon scales
 X - a +0 troll leather armour (worn)
 Y - a +3 tower shield of poison resistance (worn)
Jewellery
 e - a ring of see invisible (left claw)
 z - the ring "Lelo" (right claw) {Wiz rF+ rN+ Int+3}
   (You bought it in a shop on level 7 of the Dungeon)

   [ring of wizardry]

   It improves your spell success rate.
   Int:       It affects your intelligence (+3).
   rF:        It protects you from fire.
   rN:        It protects you from negative energy.
 B - an amulet of faith (around neck)
 C - a ring of flight
 D - a ring of positive energy
 M - a ring of fire
Wands
 a - a wand of acid (8)
 v - a wand of iceblast (21)
 E - a wand of flame (12)
Scrolls
 c - 3 scrolls of magic mapping
 g - a scroll of enchant armour
 h - a scroll of amnesia {unknown}
 l - a scroll of fog {unknown}
 n - 5 scrolls of teleportation
 o - a scroll of blinking
Potions
 b - 3 potions of lignification
 f - 3 potions of brilliance
 i - 11 potions of curing
 k - 5 potions of heal wounds
 p - 5 potions of flight
 q - 4 potions of resistance
 r - a potion of haste
 u - a potion of ambrosia {unknown}
 w - 3 potions of attraction
 A - a potion of cancellation {unknown}
 G - a potion of invisibility
 K - a potion of mutation {unknown}
 P - 2 potions of degeneration {unknown}
 W - 2 potions of might {unknown}
Miscellaneous
 U - a tin of tremorstones (2/2)


   Skills:
 - Level 4.0(9.0) Fighting
 + Level 6.2(11.2) Maces & Flails
 + Level 6.6(11.6) Throwing
 + Level 4.7(9.7) Armour
 - Level 5.4(10.4) Dodging
 - Level 1.0(6.0) Stealth
 + Level 5.5(10.5) Shields
 - Level 12.0(17.0) Unarmed Combat
 + Level 4.7 Necromancy
 - Level 6.4 Invocations
 + Level 5.5 Evocations


You had 8 spell levels left.
You knew the following spells:

 Your Spells              Type           Power      Damage    Failure   Level
a - Summon Small Mammal   Summ           0%         N/A       24%         1
b - Vampiric Draining     Necr           8%         2d7       11%         3

Your spell library contained the following spells:

 Spells                   Type           Power      Damage    Failure   Level
 Animate Skeleton         Necr           34%        N/A       3%          1
 Pain                     Necr           68%        1d7       3%          1
 Corpse Rot               Necr/Air       N/A        N/A       14%         2
 Corona                   Hex            0%         N/A       24%         1
 Ensorcelled Hibernation  Hex/Ice        0%         N/A       32%         2
 Dispel Undead            Necr           17%        3d10      32%         4
 Call Canine Familiar     Summ           0%         N/A       54%         3
 Portal Projectile        Hex/Tloc       0%         N/A       54%         3
 Spider Form              Tmut/Pois      0%         N/A       54%         3
 Summon Guardian Golem    Hex/Summ       0%         N/A       54%         3
 Tukima's Dance           Hex            0%         N/A       54%         3
 Excruciating Wounds      Necr           8%         N/A       65%         5
 Animate Armour           Summ/Erth      0%         N/A       90%         4
 Blade Hands              Tmut           0%         N/A       99%         5
 Death Channel            Necr           8%         N/A       99%         6
 Iron Shot                Conj/Erth      0%         9d1       100%        6
 Shadow Creatures         Summ           N/A        N/A       100%        6


Dungeon Overview and Level Annotations

Branches:
Dungeon (11/15)            Temple (0/1) D:5            Lair (3/6) D:10
 Shoals (0/4) Lair:2
  Snake: Lair:2-4    Spider: Lair:2-4       Orc: D:9-12

Altars:
Fedhas
Gozag
Hepliaklqana
Kikubaaqudgha
Makhleb
Okawaru
Sif Muna
Vehumet
Xom
Lugonu

Shops:
D:6 *   D:7 [(*=   D:8 =

Portals:
Abyss: Lair:2

Annotations:
D:3 1 runed translucent door, Crazy Yiuf


Innate Abilities, Weirdness & Mutations

You are too large for most types of armour.
You have claws for hands.
Your natural rate of healing is unusually fast.
You are covered in fur. (AC +1)
You have tough skin. (AC +1)


Message History

The seven-headed hydra barely misses you. x2
The seven-headed hydra bites you! x2
The seven-headed hydra barely misses you.
The seven-headed hydra bites you.
* * * LOW HITPOINT WARNING * * *
You climb upwards.
There is a stone staircase leading down here.
You block the wyvern's attack.
You see here a bullfrog corpse.
The wyvern closely misses you.
You hit the wyvern.
The wyvern is lightly wounded.
You block the wyvern's attack.
You hit the wyvern but do no damage.
The wyvern is lightly wounded.
The wyvern bites you!
You sock the wyvern!
The wyvern is severely wounded.
You block the wyvern's attack.
You fade into invisibility!
The seven-headed hydra bites you.
You block the seven-headed hydra's attack. x4
The seven-headed hydra bites you.
* * * LOW HITPOINT WARNING * * *
The seven-headed hydra bites you but does no damage.
You are very lightly contaminated with residual magic.
You hit the seven-headed hydra.
The seven-headed hydra is heavily wounded.
The seven-headed hydra bites you!
* * * LOW HITPOINT WARNING * * *
You block the seven-headed hydra's attack.
The seven-headed hydra bites you.
* * * LOW HITPOINT WARNING * * *
You block the seven-headed hydra's attack.
The seven-headed hydra bites you.
* * * LOW HITPOINT WARNING * * *
The seven-headed hydra bites you.
* * * LOW HITPOINT WARNING * * *
The seven-headed hydra bites you!
You die...

#...# #...## #..
#P..####...## ##..
##.........P# #[..
#.........#####P..
#..............รท..
##....P.#####.####.
#..#.#### #.# ##
##[### ##.## # #@#
#...#### #D## ###
#.......
#l.####P###.......
#.................
#.##.#####.####P##
###### ### ###


You could see a seven-headed hydra and a wyvern.

Vanquished Creatures
  3 hydras
  Fannar (Lair:2)
  3 two-headed ogres
  3 death yaks
  2 tengu warriors (D:10)
  Pikel (D:6)
  A cyclops (D:11)
  3 manticores
  Joseph (D:8)
  2 black mambas
  6 cane toads (Lair:1)
  Maurice (D:10)
  A torpor snail (Lair:2)
  2 unseen horrors
  Maggie (D:9)
  2 rime drakes (Lair:3)
  4 komodo dragons
  A polar bear (Lair:1)
  A wind drake (Lair:1)
  2 trolls
  Grinder (D:3)
  4 blink frogs (Lair:1)
  29 yaks
  2 wyverns
  A steam dragon (D:7)
  Menkaure (D:6)
  An acid dragon (D:9)
  3 water moccasins
  A sky beast (D:5)
  An ice beast (D:5)
  3 orc warriors
  2 black bears
  5 ogres
  6 centaurs
  A phantom (D:6)
  3 kobold brigands
  13 bullfrogs
  6 scorpions
  A gnoll sergeant (D:9)
  A wyvern zombie (D:9)
  A water moccasin skeleton (D:5)
  9 killer bees
  A wight (D:7)
  9 howler monkeys
  5 centaur zombies
  A jelly (D:6)
  4 hounds
  2 gnoll shamans
  2 orc priests
  A bullfrog skeleton (D:5)
  A centaur skeleton (D:7)
  6 hell rats
  3 iguanas
  10 orc wizards
  2 killer bee zombies
  A howler monkey zombie (D:9)
  19 gnolls
  3 howler monkey skeletons
  8 adders
  2 river rats
  2 shadow imps
  A white imp (D:7)
  An ufetubus (D:4)
  2 adder skeletons (D:4)
  A worm (D:2)
  2 dart slugs
  34 orcs
  4 endoplasms
  4 giant cockroaches
  6 goblins
  7 hobgoblins
  10 jackals
  14 kobolds
  8 quokkas
  5 ball pythons
  5 bats
  2 frilled lizards
  5 rats
329 creatures vanquished.

Vanquished Creatures (others)
  7 fungi
  A lurking horror (Lair:2)
  27 plants
35 creatures vanquished.

Grand Total: 364 creatures vanquished

Notes
Turn   | Place    | Note
-------+----------+-------------------------------------------
     0 | D:1      | mcbry74 the Troll Monk began the quest for the Orb.
     0 | D:1      | Reached XP level 1. HP: 22/22 MP: 0/0
   201 | D:1      | Reached XP level 2. HP: 29/29 MP: 1/1
   210 | D:1      | Learned a level 1 spell: Summon Small Mammal
   784 | D:2      | Reached skill level 4 in Unarmed Combat
   878 | D:2      | Reached XP level 3. HP: 29/36 MP: 2/2
  1352 | D:3      | Reached skill level 5 in Unarmed Combat
  1352 | D:3      | Reached XP level 4. HP: 38/44 MP: 3/3
  1644 | D:3      | Noticed Grinder
  1684 | D:3      | Killed Grinder
  1685 | D:3      | Reached skill level 7 in Unarmed Combat
  1685 | D:3      | Reached XP level 5. HP: 12/50 MP: 4/4
  1685 | D:3      | Reached XP level 6. HP: 15/59 MP: 5/5
  2114 | D:3      | Found a runed translucent door.
  2115 | D:3      | Noticed Crazy Yiuf
  2222 | D:4      | Found the +2 Maxwell's thermic engine {flame, freeze}
  2306 | D:4      | Reached skill level 8 in Unarmed Combat
  2306 | D:4      | Reached XP level 7. HP: 25/66 MP: 6/6
  2974 | D:5      | Entered Level 5 of the Dungeon
  2980 | D:5      | Found an iron altar of Okawaru.
  2991 | D:5      | Became a worshipper of Warmaster Okawaru
  2991 | D:5      | Reached * piety under Okawaru
  2991 | D:5      | Reached ** piety under Okawaru
  3090 | D:5      | Reached skill level 9 in Unarmed Combat
  3212 | D:5      | Reached skill level 1 in Invocations
  3249 | D:5      | Reached XP level 8. HP: 72/74 MP: 6/8
  3305 | D:5      | Found an ancient bone altar of Kikubaaqudgha.
  3400 | D:5      | Found a staircase to the Ecumenical Temple.
  3697 | D:6      | Reached skill level 10 in Unarmed Combat
  3702 | D:6      | Found a radiant altar of Vehumet.
  3902 | D:6      | Noticed Pikel
  3904 | D:6      | Noticed Menkaure
  3909 | D:6      | Killed Pikel
  3909 | D:6      | Reached *** piety under Okawaru
  3995 | D:6      | Killed Menkaure
  3995 | D:6      | Received a gift from Okawaru
  3996 | D:6      | Reached XP level 9. HP: 43/80 MP: 11/11
  4137 | D:6      | Reached skill level 5 in Invocations
  4283 | D:6      | Reached skill level 1 in Throwing
  4310 | D:6      | Found Gozag's Platinum Reserve.
  4318 | D:6      | Found an opulent altar of Gozag.
  4332 | D:6      | Reached skill level 1 in Evocations
  4467 | D:7      | Found Hinlulle's General Store.
  4493 | D:7      | Noticed a two-headed ogre
  4550 | D:7      | Killed a two-headed ogre
  4551 | D:7      | Reached skill level 11 in Unarmed Combat
  4726 | D:7      | Found Mevyehiw's Jewellery Emporium.
  4766 | D:7      | Reached **** piety under Okawaru
  4767 | D:7      | Reached skill level 1 in Maces & Flails
  4850 | D:7      | Reached XP level 10. HP: 73/91 MP: 10/13
  5035 | D:7      | Received a gift from Okawaru
  5036 | D:7      | Reached skill level 1 in Shields
  5114 | D:7      | Found Leoph's Antique Armour Emporium.
  5308 | D:7      | Found Soreb Zea's Antique Weapon Emporium.
  6297 | D:8      | Noticed Joseph
  6463 | D:8      | Found Uvedo's Jewellery Emporium.
  6799 | D:8      | Killed Joseph
  6998 | D:9      | Found a shimmering blue altar of Sif Muna.
  7016 | D:9      | Noticed a manticore
  7030 | D:9      | Killed a manticore
  7030 | D:9      | Reached ***** piety under Okawaru
  7219 | D:9      | Found a blossoming altar of Fedhas.
  7219 | D:9      | Found a shimmering altar of Xom.
  7219 | D:9      | Found a burning altar of Makhleb.
  7219 | D:9      | Found a hazy altar of Hepliaklqana.
  7333 | D:9      | Noticed Maggie
  7348 | D:9      | Killed Maggie
  7348 | D:9      | Received a gift from Okawaru
  7379 | D:9      | Noticed a manticore
  7388 | D:9      | Killed a manticore
  7611 | D:9      | Reached XP level 11. HP: 100/100 MP: 14/14
  7649 | D:9      | Reached skill level 12 in Unarmed Combat
  7908 | D:9      | Received a gift from Okawaru
  8009 | D:9      | Noticed a two-headed ogre
  8046 | D:9      | Killed a two-headed ogre
  8113 | D:10     | Entered Level 10 of the Dungeon
  8113 | D:10     | Noticed Maurice
  8158 | D:10     | Killed Maurice
  8159 | D:10     | Reached skill level 1 in Armour
  8314 | D:10     | Noticed a death yak
  8326 | D:10     | Noticed a death yak
  8331 | D:10     | Noticed a death yak
  8333 | D:10     | Killed a death yak
  8334 | D:10     | Reached skill level 1 in Necromancy
  8352 | D:9      | Killed a death yak
  8392 | D:9      | Killed a death yak
  8577 | D:10     | Reached skill level 5 in Dodging
  8636 | D:10     | Found a staircase to the Lair.
  8727 | D:10     | Noticed a tengu warrior
  8756 | D:10     | Killed a tengu warrior
  8769 | D:10     | Noticed a tengu warrior
  8785 | D:10     | Killed a tengu warrior
  8785 | D:10     | Received a gift from Okawaru
  9036 | D:11     | Noticed a two-headed ogre
  9043 | D:11     | Killed a two-headed ogre
  9109 | D:11     | Noticed a four-headed hydra
  9121 | D:11     | Killed a four-headed hydra
  9122 | D:11     | Reached skill level 5 in Throwing
  9211 | D:11     | Reached XP level 12. HP: 104/105 MP: 15/15
  9410 | D:7      | Identified a scroll of acquirement
  9410 | D:7      | Acquired 1162 gold pieces
  9412 | D:7      | Bought a ring of see invisible for 165 gold pieces
  9412 | D:7      | Bought the ring "Lelo" {Wiz rF+ rN+ Int+3} for 599 gold
                  | pieces
  9412 | D:7      | Bought an amulet of faith for 440 gold pieces
  9471 | D:7      | Bought a warped flail for 238 gold pieces
  9471 | D:7      | Identified the +2 flail "Toawa" {speed, *Corrode Will-
                  | Str+8 Int+7} (You bought it in a shop on level 7 of the
                  | Dungeon)
  9600 | Lair:1   | Entered Level 1 of the Lair of Beasts
  9697 | Lair:1   | Reached ****** piety under Okawaru
  9755 | Lair:1   | Received a gift from Okawaru
  9826 | Lair:1   | Reached skill level 5 in Maces & Flails
 10686 | Lair:2   | Noticed a four-headed hydra
 10699 | Lair:2   | Killed a four-headed hydra
 10804 | Lair:1   | Reached skill level 5 in Evocations
 10902 | Lair:1   | Reached skill level 5 in Shields
 10977 | Lair:2   | Found a staircase to the Shoals.
 11066 | Lair:2   | Noticed an eight-headed hydra
 11093 | Lair:2   | Killed an eight-headed hydra
 11356 | Lair:2   | Found a corrupted altar of Lugonu.
 11356 | Lair:2   | Found a one-way gate to the infinite horrors of the Abyss.
 11419 | Lair:2   | Identified the +1 gold dragon scales of the Dropbear {rPois
                  | rF+ rC+ Int+3} (Okawaru gifted it to you on level 2 of the
                  | Lair of Beasts)
 11419 | Lair:2   | Received a gift from Okawaru
 11584 | Lair:2   | Learned a level 3 spell: Vampiric Draining
 11807 | Lair:3   | Noticed Fannar
 11836 | Lair:2   | Killed Fannar
 11920 | Lair:3   | Reached XP level 13. HP: 114/114 MP: 10/16
 12091 | Lair:2   | Slain by a seven-headed hydra

Illustrated notes

Levels and vault maps discovered:
D:1:      dpeg_arrival_brainrot, layout_loops_ring, amethyst_killhole
D:2:      layout_basic, kennysheep_generic_room_15
D:3:      layout_loops_ring, chequers_serial_rivers_micro_d, uniq_grinder,
          uniq_crazy_yiuf_cottage
D:4:      layout_rooms
D:5:      layout_cave_pools, okawaru_trees_1, amcnicky_altar_gilded,
          minmay_temple_entry_hall, serial_park, serial_park_avenue1,
          serial_park_tiny_1
D:6:      layout_rooms, nicolae_gozag_zags_fifth_avenue, marbit_many_paths,
          lightli_orcish_oven, uniq_pikel, uniq_menkaure
D:7:      minmay_razor_zed, layout_loops_ring, serial_shops, shop,
          kennysheep_mini, shop, shop
D:8:      layout_basic, serial_shops, shop, amcnicky_mini_pool_small,
          minmay_fractal_squares_gapless_5, uniq_joseph
D:9:      layout_roguey, chequers_temple_overflow_statue_of_worship, tgw_sif,
          uniq_maggie
D:10:     layout_basic, dpeg_lair_monsters, uniq_maurice
D:11:     layout_loops_ring
Lair:1:   layout_hall_layers, serial_forest, infiniplex_forest_clump_small,
          infiniplex_forest_side_room, infiniplex_forest_clump_double,
          infiniplex_forest_clump_medium, infiniplex_forest_lined_2,
          infiniplex_forest_zigzag_2, infiniplex_forest_lined_room_2
Lair:2:   layout_chaotic_city, minmay_shoals_entry_beasts,
          amcnicky_altar_lugonu_corruption
Lair:3:   layout_roguey, spider_nest_entry_funnel_web, uniq_fannar

Skill      XL: |  1  2  3  4  5  6  7  8  9 10 11 12 |
---------------+-------------------------------------+-----
Unarmed Combat | 4 5 7 8 9 10 11 12 | 12.0
Invocations    | 1 4 5 6 |  6.4
Throwing       | 2 3 5 6 |  6.6
Evocations     | 2 3 4 5 |  5.5
Fighting       | 3 4 |  4.0
Dodging        | 3 4 5 |  5.4
Maces & Flails | 1 2 4 6 |  6.2
Shields        | 2 4 5 |  5.5
Armour         | 2 4 |  4.7
Necromancy     | 2 4 |  4.7
Stealth        | |  1.0

Action                   |  1- 3 |  4- 6 |  7- 9 | 10-12 | 13-15 || total
-------------------------+-------+-------+-------+-------+-------++-------
Melee: Unarmed           |    87 |    88 |   253 |   704 |    40 ||  1172
       Punch             |     1 |     3 |    13 |    10 |       ||    27
       Whip              |       |       |       |     7 |       ||     7
       Flail             |       |       |       |    12 |    10 ||    22
Throw: Stone             |       |       |    24 |     6 |       ||    30
       Javelin           |       |       |       |    14 |       ||    14
       Boomerang         |       |       |       |    19 |       ||    19
       Large rock        |       |       |       |     2 |       ||     2
       Throwing net      |       |       |       |     1 |       ||     1
Invok: Heroism           |       |       |     5 |    14 |     1 ||    20
       Finesse           |       |       |       |     2 |       ||     2
  Use: Potion            |       |     1 |       |     1 |     1 ||     3
       Scroll            |       |       |     6 |     9 |     1 ||    16
 Stab: Sleeping          |     3 |       |     2 |     1 |       ||     6
       Distracted        |       |       |     1 |       |       ||     1
Armor: Robe              |    25 |    19 |    80 |    42 |       ||   166
       Troll leather arm |       |       |       |   121 |    14 ||   135
       Acid dragon scale |       |       |       |     7 |       ||     7
Dodge: Dodged            |    38 |    50 |   139 |   258 |    10 ||   495
Block: Tower shield      |       |       |       |   502 |    51 ||   553
